 Dungeon Crawl Stone Soup version 0.30-a0-242-g7bf8e6d787 (webtiles) character file.

Game seed: 4983953169274734050

17897 Pooter the Fighter (level 12, -4/115 HPs)
             Began as a Minotaur Berserker on Oct 11, 2022.
             Was an Elder of Trog.
             Succumbed to a cane toad's poison
             ... on level 2 of the Lair of Beasts.
             The game lasted 00:49:03 (11771 turns).

Pooter the Fighter (Minotaur Berserker)            Turns: 11771, Time: 00:49:04

Health: -4/115     AC: 11    Str: 26    XL:     12   Next: 22%
Magic:  11/11      EV: 11    Int:  4    God:    Trog [****..]
Gold:   694        SH:  0    Dex: 13    Spells: 11/11 levels left

rFire   . . .      SeeInvis +    a - +0 war axe (flame)
rCold   + . .      Faith    .    (no shield)
rNeg    . . .      Spirit   .    R - +1 ring mail "Ishadu" {Dex+2 Slay+4}
rPois   .          Reflect  .    V - +1 hat {Stlth+}
rElec   .          Harm     .    e - +1 cloak {rCorr}
rCorr   +          Rampage  .    J - +0 pair of gloves
Will    .....                    C - +0 pair of boots
Stlth   +++.......               (no amulet)
HPRegen 0.39/turn                I - ring of protection from cold
MPRegen 0.12/turn                S - ring of see invisible

@: lethally poisoned (-4 -> -31)
A: horns 2, retaliatory headbutt
a: Renounce Religion, Berserk, Trog's Hand, Brothers in Arms


You were on level 2 of the Lair of Beasts.
You worshipped Trog.
Trog was greatly pleased with you.
You visited 2 branches of the dungeon, and saw 13 of its levels.

You collected 859 gold pieces.
You spent 165 gold pieces at shops.

Inventory:

Hand Weapons
 a - a +0 war axe of flaming (weapon)
   (You took it off a wight on level 9 of the Dungeon)
 b - the +1 sling "Ibeuwial" {freeze, rPois rN+ rCorr SInv}
   (You found it on level 9 of the Dungeon)

   Any ammunition fired from it freezes those it strikes, dealing additional
   cold damage.
   It can also slow down cold-blooded creatures.
   rPois:     It protects you from poison.
   rN:        It protects you from negative energy.
   SInv:      It lets you see invisible.
   rCorr:     It protects you from acid and corrosion.
 h - a +0 flail
   (You took it off a gnoll on level 2 of the Dungeon)
 l - a +0 hand axe
 u - a +2 falchion of holy wrath
   (You took it off Eustachio on level 4 of the Dungeon)
 w - a +3 quarterstaff of chaos
   (You took it off Crazy Yiuf on level 2 of the Dungeon)
 H - a +0 halberd
   (You took it off a gnoll on level 7 of the Dungeon)
 O - a +0 shortbow
   (You took it off a centaur on level 8 of the Dungeon)
Missiles
 j - 12 poisoned darts
 A - 3 throwing nets {!f}
 L - 10 boomerangs (quivered)
 Q - 123 stones
 T - 2 curare-tipped darts
Armour
 e - a +1 cloak of preservation (worn)
   (You took it off Crazy Yiuf on level 2 of the Dungeon)
 k - a +0 plate armour
   (You found it on level 2 of the Dungeon)
 C - a +0 pair of boots (worn)
   (You found it on level 2 of the Dungeon)
 J - a +0 pair of gloves (worn)
   (You found it on level 8 of the Dungeon)
 R - the +1 ring mail "Ishadu" (worn) {Dex+2 Slay+4}
   (You found it on level 6 of the Dungeon)

   Dex:       It affects your dexterity (+2).
   Slay:      It affects your accuracy & damage with ranged weapons and melee
   (+4).
 V - a +1 hat of stealth (worn)
   (You took it off Gastronok on level 1 of the Lair of Beasts)
Jewellery
 s - a ring of flight
   (You found it on level 4 of the Dungeon)
 y - an amulet of faith {!P}
   (You found it on level 5 of the Dungeon)
 I - a ring of protection from cold (left hand)
   (You found it on level 1 of the Dungeon)
 S - a ring of see invisible (right hand)
   (You bought it in a shop on level 4 of the Dungeon)
 U - a ring of fire
   (You found it on level 1 of the Lair of Beasts)
Wands
 d - a wand of iceblast (8)
   (You found it on level 3 of the Dungeon)
 f - a wand of flame (8)
   (You found it on level 1 of the Lair of Beasts)
 x - a wand of acid (9)
   (You found it on level 4 of the Dungeon)
 D - a wand of digging (8)
   (You found it on level 7 of the Dungeon)
 E - a wand of mindburst (10)
   (You took it off Joseph on level 7 of the Dungeon)
 K - a wand of charming (4)
   (You found it on level 9 of the Dungeon)
Scrolls
 c - 4 scrolls of fog
 n - 5 scrolls of immolation {!r}
 p - 4 scrolls of blinking
 r - 2 scrolls of magic mapping
 t - 5 scrolls of teleportation {@r4}
 N - a scroll of enchant armour
Potions
 g - 2 potions of heal wounds {unknown}
 o - a potion of cancellation {unknown}
 q - 2 potions of resistance {unknown}
 v - 3 potions of flight {unknown}
 z - 4 potions of haste {@q3}
 B - a potion of invisibility {unknown}
 F - 2 potions of magic {unknown}
 G - 2 potions of attraction {unknown}
 M - 3 potions of mutation {!q}
 P - a potion of might
 W - 3 potions of curing {@q1}
Miscellaneous
 i - a phantom mirror
   (You found it on level 2 of the Lair of Beasts)


   Skills:
 * Level 13.0 Fighting
 * Level 10.4 Axes
 - Level 10.7 Staves
 * Level 8.5 Ranged Weapons
 - Level 2.4 Armour
 - Level 2.1 Dodging
 - Level 6.1 Stealth
 + Level 6.2 Evocations


You had 11 spell levels left.
You didn't know any spells.
Your spell library was empty.

Dungeon Overview and Level Annotations

Branches:
Dungeon (11/15)            Temple (0/1) D:6            Lair (2/5) D:11
  Swamp (0/4) Lair:2
  Snake: Lair:2-3    Spider: Lair:2-3       Orc: D:9-12

Altars:
Ashenzari
Cheibriados
Elyvilon
Kikubaaqudgha
Qazlal
Vehumet
Xom
The Shining One

Shops:
D:4 =:

Portals:
Trove: D:11 (give 7 scrolls of fear)

Annotations:
D:9 3 runed translucent doors, juncz's ghost, journeyman DjCj


Innate Abilities, Weirdness & Mutations

You have a pair of horns on your head.
You reflexively headbutt those who attack you in melee.


Message History

Found a staircase to the Swamp.
The komodo dragon barely misses you.
You see here an iguana corpse.
You closely miss the komodo dragon.
The cane toad croaks.
The komodo dragon completely misses you.
You furiously retaliate!
You headbutt the komodo dragon, but do no damage.
You hit the komodo dragon. You burn the komodo dragon.
The komodo dragon bites you!
You hit the komodo dragon. You burn the komodo dragon.
You slash the komodo dragon! You burn the komodo dragon.
You headbutt the komodo dragon! The komodo dragon bites you!!
You closely miss the komodo dragon. The komodo dragon bites you.
You hit the komodo dragon. You burn the komodo dragon.
You hit the cane toad but do no damage. The cane toad barely misses you.
The komodo dragon barely misses you. You furiously retaliate!
You headbutt the komodo dragon!
You kill the komodo dragon!
Trog accepts your kill.
You barely miss the cane toad. The cane toad barely misses you.
The cane toad stings you!!
You are poisoned.
The cane toad poisons you!
You slash the cane toad! You burn the cane toad.
You headbutt the cane toad, but do no damage.
You feel very sick. The cane toad closely misses you.
You barely miss the cane toad. Your headbutt misses the cane toad.
You feel very sick. The cane toad stings you!
* * * LOW HITPOINT WARNING * * *
You are more poisoned.
The cane toad poisons you!
You barely miss the cane toad. Your headbutt misses the cane toad.
You feel very sick. The cane toad stings you!!
* * * LOW HITPOINT WARNING * * *
You are more poisoned.
The cane toad poisons you!
You completely miss the cane toad.
The bullfrog gives a loud, deep croak!
You headbutt the cane toad!
* * * LOW HITPOINT WARNING * * *
You feel extremely sick. The cane toad stings you.
* * * LOW HITPOINT WARNING * * *
You closely miss the cane toad. You slash the butterfly!
You burn the butterfly.
You kill the butterfly!
You die...

.....§.§.......
.......§§§§.§......
.......$.§§§........
........§§§.........
....................
................!...
...........†.........
.<...........@F.......
...............#.....
.........!...........P
.........P............
......................
..................F...
.....[.†..............
......................
......................


You could see a cane toad and a bullfrog.

Vanquished Creatures
  Gastronok (Lair:1)
  Fannar (Lair:1)
  A two-headed ogre (D:10)
  Sonja (Lair:1)
  Pikel (D:4)
  A cyclops (D:11)
  Joseph (D:7)
  2 cane toads (Lair:1)
  A gargoyle (D:6)
  3 komodo dragons (Lair:2)
  2 trolls
  8 blink frogs (Lair:1)
  A hornet (D:7)
  A wraith (D:11)
  A vampire (D:11)
  A wyvern (Lair:1)
  32 yaks
  A basilisk (Lair:1)
  Eustachio (D:4)
  A steam dragon (D:7)
  5 water moccasins
  A sky beast (D:8)
  A black bear (D:6)
  3 orc warriors
  11 wolves (Lair:1)
  The ghost of Darkkill the Shooter, an amateur HuHu (D:4)
  6 centaurs
  A kobold brigand (D:7)
  A lemure (D:4)
  2 phantoms
  2 necrophages
  2 bullfrogs
  3 gnoll sergeants
  3 scorpions
  4 wights (D:9)
  3 killer bees (D:9)
  3 electric eels (D:9)
  2 howler monkeys (D:7)
  A hound (D:5)
  A jelly (D:6)
  Crazy Yiuf (D:2)
  2 gnoll boudas (D:6)
  4 orc priests
  6 iguanas
  3 orc wizards
  32 gnolls
  A howler monkey skeleton (D:3)
  8 adders
  A white imp (D:6)
  2 ufetubi
  An adder zombie (D:3)
  2 worms (D:2)
  2 dart slugs
  13 orcs
  7 ball pythons
  5 endoplasms
  5 giant cockroaches (D:1)
  8 goblins
  9 hobgoblins
  2 jackals (D:1)
  16 kobolds
  6 quokkas
  A ball python skeleton (D:3)
  A ball python zombie (D:3)
  4 bats
  3 frilled lizards
  2 quokka skeletons (D:3)
  5 rats
  A butterfly (Lair:2)
271 creatures vanquished.

Vanquished Creatures (others)
  3 fungi
  2 plants
5 creatures vanquished.

Grand Total: 276 creatures vanquished

Notes
Turn   | Place    | Note
-------+----------+-------------------------------------------
     0 | D:1      | Pooter the Minotaur Berserker began the quest for the Orb.
     0 | D:1      | Reached XP level 1. HP: 19/19 MP: 0/0
   192 | D:1      | Reached skill level 4 in Fighting
   249 | D:1      | Reached XP level 2. HP: 23/27 MP: 1/1
   521 | D:1      | Reached ** piety under Trog
   537 | D:1      | Reached skill level 1 in Stealth
   555 | D:1      | Reached XP level 3. HP: 31/34 MP: 2/2
   805 | D:2      | Reached XP level 4. HP: 41/41 MP: 3/3
   807 | D:2      | Reached skill level 5 in Fighting
  1442 | D:2      | Found a runed translucent door.
  1443 | D:2      | Noticed Crazy Yiuf
  1452 | D:2      | Killed Crazy Yiuf
  1453 | D:2      | Reached XP level 5. HP: 48/48 MP: 4/4
  1719 | D:3      | Reached *** piety under Trog
  1798 | D:3      | Found a stormy altar of Qazlal.
  1799 | D:3      | Found a radiant altar of Vehumet.
  1807 | D:3      | Reached skill level 1 in Staves
  2035 | D:3      | Found a glowing golden altar of the Shining One.
  2120 | D:4      | Found Luir Sycw's Book Emporium.
  2120 | D:4      | Found Jokumiy's Jewellery Emporium.
  2124 | D:4      | Bought a ring of see invisible for 165 gold pieces
  2181 | D:4      | Reached skill level 6 in Fighting
  2181 | D:4      | Reached XP level 6. HP: 57/57 MP: 5/5
  2192 | D:4      | Reached skill level 5 in Axes
  2228 | D:4      | Reached skill level 1 in Evocations
  2236 | D:4      | Found a white marble altar of Elyvilon.
  2313 | D:4      | Noticed Pikel
  2319 | D:4      | Killed Pikel
  2320 | D:4      | Reached skill level 7 in Fighting
  2320 | D:4      | Reached XP level 7. HP: 66/66 MP: 6/6
  2451 | D:4      | Found a runed translucent door.
  2451 | D:4      | Noticed Darkkill's ghost (amateur HuHu)
  2505 | D:4      | Killed Darkkill's ghost
  2678 | D:4      | Noticed Eustachio
  2700 | D:4      | Killed Eustachio
  2701 | D:4      | Reached XP level 8. HP: 59/73 MP: 7/7
  2886 | D:5      | Entered Level 5 of the Dungeon
  2998 | D:5      | Reached skill level 5 in Staves
  3273 | D:5      | Reached skill level 8 in Fighting
  3767 | D:6      | Noticed a gargoyle
  3775 | D:6      | Killed a gargoyle
  3843 | D:6      | Reached XP level 9. HP: 72/82 MP: 8/8
  3876 | D:6      | Found a staircase to the Ecumenical Temple.
  3967 | D:6      | Reached skill level 9 in Fighting
  4194 | D:6      | Reached **** piety under Trog
  4622 | D:6      | Identified the +1 ring mail "Ishadu" {Dex+2 Slay+4}
  4878 | D:7      | Noticed Joseph
  4901 | D:7      | Killed Joseph
  4902 | D:7      | Reached skill level 1 in Ranged Weapons
  5276 | D:7      | Found a broken altar of Ashenzari.
  5464 | D:7      | Paralysed by a hornet for 3 turns
  5906 | D:8      | Reached skill level 10 in Fighting
  6018 | D:8      | Found a snail-covered altar of Cheibriados.
  6589 | D:9      | Identified the +1 sling "Ibeuwial" {freeze, rPois rN+ rCorr
                  | SInv}
  6790 | D:9      | Reached XP level 10. HP: 93/93 MP: 9/9
  6897 | D:9      | Reached skill level 5 in Stealth
  7233 | D:9      | Found a runed translucent gate.
  7233 | D:9      | Noticed juncz's ghost (journeyman DjCj)
  7234 | D:9      | Found a runed translucent gate.
  7235 | D:9      | Found a runed translucent gate.
  7349 | D:9      | Identified the +4 ring mail "Dic Luco" {rC+}
  7969 | D:9      | Reached skill level 5 in Ranged Weapons
  7973 | D:9      | Reached skill level 11 in Fighting
  8275 | D:10     | Entered Level 10 of the Dungeon
  8336 | D:10     | Found a shimmering altar of Xom.
  8340 | D:10     | Found an ancient bone altar of Kikubaaqudgha.
  8897 | D:10     | Reached skill level 5 in Evocations
  8898 | D:10     | Reached XP level 11. HP: 102/102 MP: 10/10
  9111 | D:10     | Noticed a two-headed ogre
  9119 | D:10     | Killed a two-headed ogre
  9529 | D:11     | Reached skill level 10 in Staves
  9736 | D:11     | Found a staircase to the Lair.
  9800 | D:11     | Found a portal to a secret trove of treasure.
 10306 | Lair:1   | Entered Level 1 of the Lair of Beasts
 10457 | Lair:1   | Noticed Sonja
 10459 | Lair:1   | Killed Sonja
 10518 | Lair:1   | Reached skill level 12 in Fighting
 10766 | Lair:1   | Noticed Fannar
 10776 | Lair:1   | Killed Fannar
 10841 | Lair:1   | Noticed Gastronok
 10850 | Lair:1   | Killed Gastronok
 11186 | Lair:1   | Reached XP level 12. HP: 74/113 MP: 11/11
 11308 | Lair:1   | Reached skill level 10 in Axes
 11738 | Lair:2   | Reached skill level 13 in Fighting
 11759 | Lair:2   | Found a staircase to the Swamp.
 11770 | Lair:2   | HP: 2/115 [cane toad (6)]
 11771 | Lair:2   | Succumbed to a cane toad's poison

Illustrated notes

Levels and vault maps discovered:
D:1:      minmay_arrival_glassed_features, layout_loops_ring,
          chequers_serial_rivers_micro_b, minmay_misc_feat_secret_circle,
          hangedman_feature_mirror, minmay_3d_cube
D:2:      layout_rooms, uniq_crazy_yiuf_cottage
D:3:      layout_basic, tso_altar, nicolae_overflow_squiral, serial_undead,
          serial_undead_b, serial_undead_b, serial_undead_d, serial_undead_b,
          serial_undead_e, roderic_serpentine_path
D:4:      layout_basic, elyvilon_altar_4, serial_shops, shop, shop,
          hellmonk_ghost_happy_afterlife, corexii_leaking_fountain,
          uniq_eustachio, uniq_pikel
D:5:      layout_loops_ring
D:6:      layout_loops_cross, minmay_temple_entry_poolview, nrook_campfire,
          nicolae_eternal_life, minivault_22
D:7:      layout_loops_cross, mainiacjoe_overflow_alcove_4, uniq_joseph
D:8:      layout_loops_ring, overflow_temple_1_default, mrwooster_statue_mirror,
          grunt_decor_resistance, nicolae_underground_beach
D:9:      layout_loops_ring, biasface_ghost_orc_armoury, serial_bayou_ford_a
D:10:     layout_grid_maze, grunt_temple_overflow_open
D:11:     layout_loops_ring, lair_entry_dummy, nicolae_trove_entry_diagonal
Lair:1:   layout_chaotic_city, serial_bayou_pond_a, uniq_gastronok, uniq_fannar,
          uniq_sonja
Lair:2:   layout_cave_shapes, minmay_swamp_entry_reptiles, lemuel_fruit_fields

Skill      XL: |  1  2  3  4  5  6  7  8  9 10 11 12 |
---------------+-------------------------------------+-----
Fighting       | 4 5 6 7 8 10 11 12 13 | 13.0
Axes           | 4 5 6 7 8 9 10 | 10.4
Stealth        | 1 2 3 4 5 6 |  6.1
Staves         | 1 4 6 8 9 10 | 10.7
Evocations     | 1 2 3 4 5 6 |  6.2
Ranged Weapons | 3 5 8 |  8.5
Armour         | |  2.4
Dodging        | |  2.1

Action                   |  1- 3 |  4- 6 |  7- 9 | 10-12 || total
-------------------------+-------+-------+-------+-------++-------
Melee: Hand axe          |    70 |     3 |       |       ||    73
       Headbutt          |     9 |    13 |    33 |    57 ||   112
       Flail             |       |    33 |       |       ||    33
       Quarterstaff      |       |    56 |   202 |   108 ||   366
       War axe           |       |       |       |   111 ||   111
       Punch             |       |       |       |     1 ||     1
 Fire: Sling             |       |       |    16 |    39 ||    55
Throw: Dart              |       |     2 |    10 |     7 ||    19
       Boomerang         |       |       |       |    10 ||    10
Invok: Berserk           |     2 |     3 |     5 |     5 ||    15
       Trog's Hand       |       |       |     4 |     7 ||    11
Evoke: Wand              |       |       |       |    11 ||    11
  Use: Scroll            |       |     5 |     3 |     8 ||    16
       Potion            |       |       |     1 |       ||     1
 Stab: Sleeping          |     1 |     1 |     1 |       ||     3
       Paralysed         |       |     1 |     3 |       ||     4
       Confused          |       |       |     1 |       ||     1
Armor: Animal skin       |    12 |     3 |       |       ||    15
       Chain mail        |       |     1 |       |       ||     1
       Plate armour      |       |    34 |    98 |       ||   132
       Ring mail         |       |       |    29 |    65 ||    94
Dodge: Dodged            |    47 |    36 |    98 |   136 ||   317

Table legend: (Time is in decaauts)
 A = Elapsed time spent in this place.
 B = Non-inter-level travel time spent in this place.
 C = Inter-level travel time spent in this place.
 D = Time resting spent in this place.
 E = Time spent auto-exploring this place.
 F = Levels seen in this place.
 G = Mean time per level.
                   A        B        C        D        E       F      G
               +--------+--------+--------+--------+--------+-----+--------+
         Total |  11947 |  11681 |    266 |   2318 |   7466 |  13 |  919.0 |
       Dungeon |  10474 |  10232 |    242 |   1959 |   6644 |  11 |  952.2 |
          Lair |   1472 |   1449 |     23 |    358 |    822 |   2 |  736.0 |
               +--------+--------+--------+--------+--------+-----+--------+

Top non-repeatable levels by time:
     D:9: 1708 daAuts
  Lair:1: 1423 daAuts
    D:10: 1275 daAuts
     D:7: 1151 daAuts
     D:6: 1004 daAuts
     D:4: 983 daAuts
     D:1: 810 daAuts
    D:11: 796 daAuts
     D:2: 765 daAuts
     D:8: 715 daAuts
     D:5: 664 daAuts
     D:3: 599 daAuts
  Lair:2: 49 daAuts
